 Dungeon Crawl Stone Soup version 0.29.1-12-g30fa7ad0bf (webtiles) character file.

Game seed: 7051141067746516832

609 mortz the Chopper (level 7, -2/62 HPs)
             Began as a Hill Orc Abyssal Knight on Dec 23, 2022.
             Was an Elder of Lugonu.
             Slain by a gnoll sergeant
             ... wielding a +0 trident
              (10 damage)
             ... on level 4 of the Dungeon.
             The game lasted 00:30:26 (5550 turns).

mortz the Chopper (Hill Orc Abyssal Knight)         Turns: 5550, Time: 00:30:27

Health: -2/62      AC: 10    Str: 18    XL:     7   Next: 43%
Magic:  11/11      EV:  7    Int: 10    God:    Lugonu [****..]
Gold:   206        SH:  0    Dex: 11    Spells: 6/6 levels left

rFire   . . .      SeeInvis .   a - +1 hand axe
rCold   . . .      Faith    .   (no shield)
rNeg    . . .      Spirit   .   m - +0 chain mail
rPois   .          Reflect  .   v - +0 helmet
rElec   .          Harm     .   h - scarf {repulsion}
rCorr   +          Rampage  .   (no gloves)
Will    .....                   d - +0 pair of boots
Stlth   ..........              (no amulet)
HPRegen 0.20/turn               r - ring of flight
MPRegen 0.12/turn               u - ring of resist corrosion

@: flying, repel missiles
A: no striking features
a: Renounce Religion, Depart the Abyss, Bend Space, Banish, Corrupt


You were on level 4 of the Dungeon.
You worshipped Lugonu.
Lugonu was greatly pleased with you.
You visited 1 branch of the dungeon, and saw 4 of its levels.
You visited the Abyss 1 time.

You collected 206 gold pieces.

Inventory:

Hand Weapons
 a - a +1 hand axe (weapon)
 b - a +1 sling
 o - a +2 dagger of holy wrath
 p - a +0 hand axe of venom
Armour
 d - a +0 pair of boots (worn)
 e - a +2 leather armour of fire resistance
 h - a scarf of repulsion (worn)
 m - a +0 chain mail (worn)
 v - a +0 helmet (worn)
Jewellery
 r - a ring of flight (left hand)
 u - a ring of resist corrosion (right hand)
Wands
 n - a wand of flame (11)
 s - a wand of quicksilver (6)
Scrolls
 f - a scroll of poison {unknown}
 i - a scroll of enchant armour {unknown}
 j - 4 scrolls of teleportation
 l - a scroll of identify
Potions
 c - 4 potions of curing
 g - a potion of haste
 k - 2 potions of invisibility
 q - a potion of flight


   Skills:
 + Level 5.7 Fighting
 * Level 7.4 Axes
 - Level 2.1 Armour
 - Level 0.7 Dodging
 * Level 6.0 Invocations


You had 6 spell levels left.
You didn't know any spells.
Your spell library contained the following spells:

 Spells                   Type           Power      Damage    Failure   Level
 Shock                    Conj/Air       0%         1d3       99%         1
 Slow                     Hex            0%         N/A       99%         1
 Ensorcelled Hibernation  Hex/Ice        0%         N/A       100%        2
 Sublimation of Blood     Necr           0%         N/A       100%        2
 Wereblood                Tmut           0%         N/A       100%        2
 Confusing Touch          Hex            0%         N/A       100%        3
 Spider Form              Tmut/Pois      0%         N/A       100%        3
 Swiftness                Air            0%         N/A       100%        3
 Vampiric Draining        Necr           0%         2d6       100%        3
 Airstrike                Air            0%         2d(0-16)  100%        4
 Anguish                  Hex/Necr       0%         N/A       100%        4
 Summon Hydra             Summ           0%         N/A       100%        7


Dungeon Overview and Level Annotations

Branches:
Dungeon (4/15) Zot: 18360
 Temple: D:4-7

Altars:
Fedhas
Makhleb
Nemelex Xobeh


Message History

The gnoll bouda shouts!
You hit the gnoll.
The gnoll is heavily wounded.
You hit the gnoll.
The gnoll is severely wounded.
The gnoll bouda barks out a call to the hunt!
The gnolls pick up the pace!
You slash the gnoll!
You kill the gnoll!
Lugonu accepts your kill.
You can now corrupt the fabric of space.
A gnoll comes into view. It is wielding a +0 flail.
A gnoll comes into view. It is wielding a +0 club.
The gnoll sergeant hits you with a +0 trident.
You hit the gnoll sergeant but do no damage.
The gnoll sergeant hits you with a +0 trident!
You hit the gnoll sergeant but do no damage.
The gnoll sergeant closely misses you.
You hit the gnoll sergeant.
The gnoll sergeant is lightly wounded.
The gnoll sergeant hits you with a +0 trident.
You barely miss the gnoll sergeant.
The gnoll sergeant is lightly wounded.
The gnoll sergeant hits you with a +0 trident!
* * * LOW HITPOINT WARNING * * *
The gnoll sergeant attacks as you move away!
The gnoll sergeant barely misses you.
The gnoll sergeant hits you from afar with a +0 trident.
* * * LOW HITPOINT WARNING * * *
The gnoll sergeant hits you from afar with a +0 trident!
* * * LOW HITPOINT WARNING * * *
Space bends violently around you!
You blink.
The gnoll sergeant is no longer moving quickly.
The gnoll bouda barks out a call to the hunt!
The gnoll sergeant picks up the pace!
The gnoll sergeant barely misses you.
You see here a +0 halberd.
There is a stone staircase leading up, spattered with blood here.
The gnoll sergeant hits you from afar with a +0 trident!
You die...

.###..# #.#.....# #...####.## #..
.###..###.#.....#####....#..###..
......##..####.........(.........
.###.....#####.........#.##)..#..
.###...................#......#..
.........................#.##.###
#...........>.#...)....###..#.###
.....###...............# ##......
..######..####..@.g....# ##.###.
..####...######........# ### #.
.......#..†..##....###g# #.
.###########.####..)##.####### ##
.##...##(..#..###.......#....# #
............#..##.....#......####
#......................)......g..
#...[........#........##.....####
#..............##.....###....# #.


You could see a gnoll sergeant (swift) and a gnoll bouda.

Vanquished Creatures
  Sigmund (D:3)
  Duvessa (D:4)
  A scorpion (D:4)
  Dowan (D:3)
  A jelly (D:4)
  Jessica (D:3)
  Robin (D:2)
  2 adders
  6 gnolls
  2 dart slugs
  2 orcs (D:4)
  5 ball pythons
  8 endoplasms
  3 giant cockroaches
  20 goblins
  7 hobgoblins
  8 jackals
  5 kobolds
  2 quokkas (D:2)
  5 bats
  10 frilled lizards
  3 rats
95 creatures vanquished.

Vanquished Creatures (others)
  5 plants
5 creatures vanquished.

Grand Total: 100 creatures vanquished

Notes
Turn   | Place    | Note
-------+----------+-------------------------------------------
     0 | Abyss:1  | mortz the Hill Orc Abyssal Knight began the quest for the
                  | Orb.
     0 | Abyss:1  | Reached XP level 1. HP: 19/19 MP: 2/2
     1 | D:1      | Escaped the Abyss
   100 | D:1      | Reached skill level 3 in Axes
   162 | D:1      | Reached XP level 2. HP: 27/27 MP: 4/4
   529 | D:1      | Reached XP level 3. HP: 29/33 MP: 5/5
   550 | D:1      | Reached *** piety under Lugonu
   721 | D:1      | Found a faded altar of an unknown god.
  1169 | D:2      | Reached skill level 4 in Axes
  1799 | D:2      | Reached XP level 4. HP: 37/40 MP: 6/6
  1906 | D:3      | Noticed Sigmund
  1977 | D:3      | Identified the +1 robe of Tiruisig {rPois Will- Stlth+}
  2092 | D:3      | Killed Sigmund
  2093 | D:3      | Reached skill level 5 in Fighting
  2093 | D:3      | Reached skill level 5 in Axes
  2093 | D:3      | Reached XP level 5. HP: 15/48 MP: 6/8
  2093 | D:3      | Reached XP level 6. HP: 17/56 MP: 6/9
  2321 | D:3      | Reached skill level 6 in Axes
  2397 | D:3      | Noticed Robin
  2637 | D:3      | Noticed Jessica
  2643 | D:3      | Killed Jessica
  3057 | D:3      | Found a sparkling altar of Nemelex Xobeh.
  3159 | D:2      | Killed Robin
  3592 | D:4      | Noticed Duvessa
  3843 | D:4      | Killed Duvessa
  3844 | D:4      | Reached skill level 5 in Invocations
  3847 | D:4      | Noticed Dowan
  4315 | D:3      | Killed Dowan
  4316 | D:3      | Reached XP level 7. HP: 54/61 MP: 9/11
  4435 | D:4      | Reached skill level 7 in Axes
  4483 | D:4      | Reached **** piety under Lugonu
  4496 | D:4      | Found a blossoming altar of Fedhas.
  5150 | D:4      | Found a burning altar of Makhleb.
  5550 | D:4      | Slain by a gnoll sergeant

Illustrated notes

Levels and vault maps discovered:
D:1:      lemuel_arrival_hallway, layout_basic, chequers_ecumenical_altar_simple
D:2:      layout_rooms
D:3:      layout_rooms, mainiacjoe_overflow_concentric_impassable,
          serial_forest, infiniplex_forest_straight_4,
          infiniplex_forest_lined_room_3, infiniplex_forest_clump_double,
          infiniplex_forest_zigzag_2, infiniplex_forest_clump_medium,
          infiniplex_forest_split, infiniplex_forest_lined_3,
          infiniplex_forest_clump_curved, infiniplex_forest_lined_room_,
          uniq_jessica, uniq_robin, uniq_sigmund
D:4:      layout_rooms, fedhas_altar_1, lightli_temple_of_fire,
          pf_guarded_unrand_woodcutter, uniq_duvessa

Skill      XL: |  1  2  3  4  5  6  7 |
---------------+----------------------+-----
Axes           | 3 4 5 6 7 |  7.4
Fighting       | 4 5 |  5.7
Invocations    | 3 4 5 6 |  6.0
Armour         | |  2.1
Dodging        | |  0.7

Action                   |  1- 3 |  4- 6 |  7- 9 || total
-------------------------+-------+-------+-------++-------
Melee: Hand axe          |   146 |   116 |    60 ||   322
       Punch             |     2 |     2 |     1 ||     5
 Fire: Sling             |    23 |    69 |    43 ||   135
Throw: Stone             |     5 |       |       ||     5
Invok: Bend Space        |       |       |     1 ||     1
  Use: Scroll            |     3 |     7 |       ||    10
       Potion            |       |     1 |       ||     1
Armor: Leather armour    |    36 |       |       ||    36
       Chain mail        |    30 |    98 |    33 ||   161
Dodge: Dodged            |    97 |    57 |    37 ||   191
       Repelled          |       |     3 |       ||     3
